 Dungeon Crawl Stone Soup version 0.30-a0-996-ga6910c8ee8 (webtiles) character file.

Game seed: 13511233979130369163

111 Twinkles the Ruffian (level 4, -1/44 HPs)
             Began as a Troll Fighter on Apr 4, 2023.
             Slain by Sigmund
             ... wielding a +0 scythe of freezing
              (6 damage)
             ... on level 3 of the Dungeon.
             The game lasted 00:03:31 (1547 turns).

Twinkles the Ruffian (Troll Fighter)                Turns: 1547, Time: 00:03:32

Health: -1/44      AC: 12    Str: 24    XL:     4   Next: 62%
Magic:  3/3        EV:  8    Int:  6    God:
Gold:   109        SH:  0    Dex:  9    Spells: 3/3 levels left

rFire   x . .      SeeInvis .      - Unarmed
rCold   x x .      Faith    .    b - +0 kite shield
rNeg    . . .      Spirit   .    a - +0 robe
rPois   +          Reflect  .    (helmet restricted)
rElec   .          Rampage  .    (no cloak)
rCorr   +                        (gloves unavailable)
Will    .....                    (boots unavailable)
Stlth   +                        e - amulet of Elemental Vulnerability {rPois rF-- rC-- AC+8}
HPRegen 1.07/turn                d - ring of protection from fire
MPRegen 0.08/turn                g - ring of resist corrosion

@: confused
A: large, unfitting armour, claws 3, regeneration 1, shaggy fur 1, tough skin 1
a: no special abilities


You were on level 3 of the Dungeon.
You visited 1 branch of the dungeon, and saw 3 of its levels.

You collected 109 gold pieces.

Inventory:

Missiles
 i - 5 poisoned darts (quivered)
Armour
 a - a +0 robe (worn)
 b - a +0 kite shield (worn)
Jewellery
 d - a ring of protection from fire (left claw)
 e - the amulet of Elemental Vulnerability (around neck) {rPois rF-- rC-- AC+8}
   (You found it on level 2 of the Dungeon)

   [amulet of nothing]

   AC:        It affects your AC (+8).
   rF:        It makes you very vulnerable to fire.
   rC:        It makes you very vulnerable to cold.
   rPois:     It protects you from poison.
 g - a ring of resist corrosion (right claw)
Wands
 k - a wand of light (6)
Scrolls
 f - a scroll of butterflies {unknown}
 h - a scroll of torment {unknown}
 j - a scroll of enchant weapon {unknown}
 l - a scroll of fear {unknown}
Potions
 c - a potion of ambrosia {unknown}
 M - 2 potions of might


   Skills:
 + Level 2.9 Fighting
 + Level 2.9 Dodging
 + Level 3.2 Shields
 * Level 3.3 Unarmed Combat


You had 3 spell levels left.
You didn't know any spells.
Your spell library contained the following spells:

 Spells                   Type           Power      Damage    Failure   Level
 Apportation              Tloc           0%         N/A       75%         1
 Necrotise                Necr           0%         1d4       75%         1
 Summon Small Mammal      Summ           0%         N/A       75%         1
 Gell's Gravitas          Tloc           0%         N/A       98%         3
 Teleport Other           Tloc           0%         N/A       98%         3
 Vhi's Electric Charge    Tloc/Air       0%         N/A       98%         3
 Arcjolt                  Conj/Air       0%         1d10      100%        5
 Dispersal                Tloc           0%         N/A       100%        6
 Plasma Beam              Fire/Air       0%         2x1d11    100%        6


Dungeon Overview and Level Annotations

Branches:
Dungeon (3/15) Zot: 16439

Altars:
Vehumet

Annotations:
D:3 Sigmund


Innate Abilities, Weirdness & Mutations

You are too large for most types of armour.
You have claws for hands.
Your natural rate of healing is unusually fast.
You are covered in fur. (AC +1)
You have tough skin. (AC +1)


Message History

Something hits you but does no damage.
You see here a rat corpse.
You block something's attack.
You claw something! Something hits you. Something freezes you.
You miss something. Something hits you but does no damage.
You miss something.
You hear some strange, mumbled words.
You are confused.
You scratch something but do no damage. Something hits you but does no damage.
You're too confused to move!
You're too confused to move!
You hear some strange, mumbled words.
A magic dart appears from out of thin air!
The magic dart hits you!
You barely miss something. Something hits you but does no damage.
You claw something!
You feel less confused.
You hear some strange, mumbled words.
You are confused.
You're too confused to move!
Something hits you. Something freezes you.
* * * LOW HITPOINT WARNING * * *
You barely miss something.
You hear some strange, mumbled words.
Something tries to affect you, but you resist.
You bump into the rock wall.
Something hits you.
* * * LOW HITPOINT WARNING * * *
Something freezes you.
* * * LOW HITPOINT WARNING * * *
You're too confused to move!
You bump into the rock wall.
You hear some strange, mumbled words.
You are more confused.
You're too confused to move!
Something hits you but does no damage.
You scratch something but do no damage.
You hear some strange, mumbled words.
You are more confused.
You closely miss something. Something hits you!
* * * LOW HITPOINT WARNING * * *
Something freezes you.
You die...

#.. #.# #.# #.#
#.# #.#
###########.##
#.........†.@#
#####.#########{.#
...##.###### #..#
##.........# #..#
####.####... ...#
#.# ###.# #.# #.#
#.# #.# #.#


There were no monsters in sight!

Vanquished Creatures
  A sleepcap (D:3)
  Terence (D:2)
  An adder (D:2)
  7 bats
  5 endoplasms
  A giant cockroach (D:1)
  6 hobgoblins
  5 kobolds
  2 quokkas
  5 ball pythons
  3 frilled lizards
  6 goblins
  7 rats
50 creatures vanquished.

Notes
Turn   | Place    | Note
-------+----------+-------------------------------------------
     0 | D:1      | Twinkles the Troll Fighter began the quest for the Orb.
     0 | D:1      | Reached XP level 1. HP: 22/22 MP: 0/0
   267 | D:1      | Reached XP level 2. HP: 29/29 MP: 1/1
   372 | D:1      | Found a faded altar of an unknown god.
   825 | D:2      | Reached XP level 3. HP: 36/36 MP: 2/2
   849 | D:2      | Found the amulet of Elemental Vulnerability {rPois rF--
                  | rC-- AC+8}
   858 | D:2      | Found a radiant altar of Vehumet.
   972 | D:2      | Noticed Terence
   979 | D:2      | Killed Terence
   980 | D:2      | Reached XP level 4. HP: 41/44 MP: 3/3
  1512 | D:3      | Noticed Sigmund
  1540 | D:3      | HP: 11/44 [something (4)]
  1547 | D:3      | HP: 5/44 [something (8)]
  1547 | D:3      | Slain by Sigmund

Illustrated notes

Levels and vault maps discovered:
D:1:      amcnicky_arrival_feature_with_door, layout_loops_ring,
          hellmonk_ecumenical_altar_prayer_group, kennysheep_crisscross
D:2:      layout_rooms, basic_altar, uniq_terence
D:3:      layout_loops_ring, roderic_serpentine_path, chequers_mini_garden,
          uniq_sigmund

Skill      XL: |  1  2  3 |
---------------+----------+-----
Shields        | 3 |  3.2
Unarmed Combat | 3 |  3.3
Fighting       | |  2.9
Dodging        | |  2.9

Action                     |  1- 3 |  4- 6 || total
---------------------------+-------+-------++-------
  Melee: Unarmed           |    98 |    45 ||   143
 Armour: Robe              |    42 |    27 ||    69
  Dodge: Dodged            |    38 |    12 ||    50
  Block: Kite shield       |    33 |    18 ||    51

Table legend: (Time is in decaauts)
 A = Elapsed time spent in this place.
 B = Non-inter-level travel time spent in this place.
 C = Inter-level travel time spent in this place.
 D = Time resting spent in this place.
 E = Time spent auto-exploring this place.
 F = Levels seen in this place.
 G = Mean time per level.
                   A        B        C        D        E       F      G
               +--------+--------+--------+--------+--------+-----+--------+
         Total |   1559 |   1484 |     75 |      0 |   1135 |   3 |  519.7 |
       Dungeon |   1559 |   1484 |     75 |      0 |   1135 |   3 |  519.7 |
               +--------+--------+--------+--------+--------+-----+--------+

Top non-repeatable levels by time:
     D:1: 791 daAuts
     D:2: 459 daAuts
     D:3: 308 daAuts
